PCL
TEXARKANA BEARS @ REDWOOD CITY REDWOODS
04/16/2026
 
TOP OF THE 1ST
Lansing Lugnuts batting - Pitching for Redwood City Redwoods : RHP Manny Maldonado
Pitching: RHP Manny Maldonado
Batting: RHB Kun Liu 0-0: Called Strike
0-1: Ground out 6-3 (Groundball, 6M)
Batting: LHB Alberto Medine 0-0: Called Strike
0-1: Ball
1-1: Foul Ball, location: 2F
1-2: Ground out 2-3 (Groundball, 2L)
Batting: LHB Tom Mullins 0-0: Swinging Strike
0-1: Ball
1-1: Called Strike
1-2: Ball
2-2: Ball
3-2: SINGLE (Line Drive, 7S)
Batting: RHB Billy Campbell 0-0: Ball
1-0: Called Strike
1-1: Swinging Strike
1-2: Strikes out looking
Top of the 1st over - 0 run(s), 1 hit(s), 0 error(s), 1 left on base; Lansing 0 - Redwood City 0
BOTTOM OF THE 1ST
Redwood City Redwoods batting - Pitching for Lansing Lugnuts : RHP Enrique Valdés
Pitching: RHP Enrique Valdés
Batting: LHB Héctor Flores 0-0: Called Strike
0-1: Ball
1-1: Ground out U3 (Groundball, 3)
Batting: LHB Alfonso Montoya 0-0: Ball
1-0: Ball
2-0: DOUBLE (Line Drive, 9LM)
Batting: RHB Tom Meyer 0-0: Ball
1-0: Foul Ball, location: 2F
1-1: Ball
2-1: Foul Ball, location: 2F
2-2: Ball
3-2: SINGLE (Flyball, 8LS)
Alfonso Montoya to third
Runner from 3rd tries for Home, SAFE, no throw or cutoff
Batting: RHB William Parker 0-0: Ball
1-0: Ground out 2-3 (Groundball, 23)
Tom Meyer to second
Batting: RHB Fu Tse 0-0: Swinging Strike
0-1: Foul Ball, location: 2F
0-2: Strikes out looking
Bottom of the 1st over - 1 run(s), 2 hit(s), 0 error(s), 1 left on base; Lansing 0 - Redwood City 1
TOP OF THE 2ND
Lansing Lugnuts batting - Pitching for Redwood City Redwoods : RHP Manny Maldonado
Batting: LHB Sam Barnes 0-0: Ball
1-0: Ball
2-0: Swinging Strike
2-1: Called Strike
2-2: Strikes out swinging
Batting: RHB David Murray 0-0: Foul Ball, location: 2F
0-1: Fly out, F6 (Popup, 5D)
Batting: RHB Juan Rico 0-0: Called Strike
0-1: Swinging Strike
0-2: Ball
1-2: Strikes out swinging
Top of the 2nd over - 0 run(s), 0 hit(s), 0 error(s), 0 left on base; Lansing 0 - Redwood City 1
BOTTOM OF THE 2ND
Redwood City Redwoods batting - Pitching for Lansing Lugnuts : RHP Enrique Valdés
Batting: RHB Chan-u O 0-0: Called Strike
0-1: Ball
1-1: Swinging Strike
1-2: Ball
2-2: Strikes out looking
Batting: RHB Joe Flint 0-0: Ball
1-0: Foul Ball, location: 2F
1-1: Ball
2-1: Fly out, F5 (Line Drive, 56)
Batting: RHB Carlos Gonzáles 0-0: Ball
1-0: Foul Ball, location: 2F
1-1: Ball
2-1: SINGLE (Flyball, 4D)
Batting: SHB António Trinidad 0-0: Called Strike
0-1: Swinging Strike
0-2: Strikes out swinging
Bottom of the 2nd over - 0 run(s), 1 hit(s), 0 error(s), 1 left on base; Lansing 0 - Redwood City 1
TOP OF THE 3RD
Lansing Lugnuts batting - Pitching for Redwood City Redwoods : RHP Manny Maldonado
Batting: RHB Arturo Rodríguez 0-0: Foul Ball, location: 2F
0-1: Ball
1-1: Called Strike
1-2: Ball
2-2: DOUBLE (Groundball, 3D)
Batting: RHB Sadao Kimura 0-0: Ball
1-0: DOUBLE (Flyball, 89M)
Arturo Rodríguez scores
Batting: RHB Kun Liu 0-0: Ball
1-0: Foul Ball, location: 2F
1-1: Reaches on Catchers interference
Batting: LHB Alberto Medine 0-0: Ball
1-0: Foul Ball, location: 2F
1-1: Called Strike
1-2: SINGLE (Line Drive, 8RS)
Sadao Kimura to third
Kun Liu to second
Batting: LHB Tom Mullins 0-0: Ball
1-0: Swinging Strike
1-1: Ball
2-1: GRAND SLAM HOME RUN (Flyball, 78XD), Distance : 408 ft
Batting: RHB Billy Campbell 0-0: Called Strike
0-1: Ball
1-1: Called Strike
1-2: Ground out 5-3 (Groundball, 5S)
Batting: LHB Sam Barnes 0-0: Ball
1-0: Foul Ball, location: 2F
1-1: Foul Ball, location: 2F
1-2: Foul Ball, location: 2F
1-2: Foul Ball, location: 2F
1-2: Ball
2-2: Ball
3-2: Fly out, F9 (Flyball, 9M)
Batting: RHB David Murray 0-0: Fly out, F8 (Flyball, 8LM)
Top of the 3rd over - 5 run(s), 4 hit(s), 1 error(s), 0 left on base; Lansing 5 - Redwood City 1
BOTTOM OF THE 3RD
Redwood City Redwoods batting - Pitching for Lansing Lugnuts : RHP Enrique Valdés
Batting: LHB Héctor Flores 0-0: Called Strike
0-1: Fly out, F5 (Popup, 25F)
Batting: LHB Alfonso Montoya 0-0: Ball
1-0: Ball
2-0: Ground out 6-3 (Groundball, 6)
Batting: RHB Tom Meyer 0-0: Ball
1-0: DOUBLE (Line Drive, 7LD)
Batting: RHB William Parker 0-0: SINGLE (Line Drive, 4D)
Tom Meyer to third
Batting: RHB Fu Tse 0-0: Called Strike
0-1: Foul Ball, location: 2F
0-2: Ball
1-2: Foul Ball, location: 2F
1-2: Fielders Choice at 2nd, 6-4 (Groundball, 6)
Bottom of the 3rd over - 0 run(s), 2 hit(s), 0 error(s), 1 left on base; Lansing 5 - Redwood City 1
TOP OF THE 4TH
Lansing Lugnuts batting - Pitching for Redwood City Redwoods : RHP Manny Maldonado
Batting: RHB Juan Rico 0-0: Ball
1-0: Called Strike
1-1: Foul Ball, location: 2F
1-2: Ball
2-2: Reached on error, E6 (Groundball, 6)
Batting: RHB Arturo Rodríguez 0-0: Ball
1-0: Ball
2-0: Called Strike
2-1: Swinging Strike
2-2: Strikes out swinging
Batting: RHB Sadao Kimura 0-0: Ball
1-0: Ball
2-0: Foul Ball, location: 2F
2-1: DOUBLE (Line Drive, 7LM)
Juan Rico to third
Runner from 3rd tries for Home, SAFE, no throw or cutoff
Batting: RHB Kun Liu 0-0: Ball
1-0: Ball
2-0: Fly out, F9 (Flyball, 9M)
Batting: LHB Alberto Medine 0-0: Ball
1-0: Ball
2-0: Ball
3-0: Base on Balls
Batting: LHB Tom Mullins 0-0: Ball
1-0: Called Strike
1-1: Ball
2-1: Ball
3-1: Called Strike
3-2: Base on Balls
Sadao Kimura to third
Alberto Medine to second
Batting: RHB Billy Campbell 0-0: Ball
1-0: Called Strike
1-1: Ball
2-1: Foul Ball, location: 2F
2-2: Strikes out swinging
Top of the 4th over - 1 run(s), 1 hit(s), 1 error(s), 3 left on base; Lansing 6 - Redwood City 1
BOTTOM OF THE 4TH
Redwood City Redwoods batting - Pitching for Lansing Lugnuts : RHP Enrique Valdés
Batting: RHB Chan-u O 0-0: Fly out, F9 (Flyball, 9D)
Batting: RHB Joe Flint 0-0: Ball
1-0: Foul Ball, location: 2F
1-1: Swinging Strike
1-2: Strikes out swinging passed ball, reaches first!
Batting: RHB Carlos Gonzáles 0-0: Ball
1-0: Foul Ball, location: 2F
1-1: Foul Ball, location: 2F
1-2: Ball
2-2: Foul Ball, location: 2F
2-2: Strikes out swinging
Batting: SHB António Trinidad 0-0: Called Strike
0-1: Called Strike
0-2: Strikes out swinging
Bottom of the 4th over - 0 run(s), 0 hit(s), 0 error(s), 1 left on base; Lansing 6 - Redwood City 1
TOP OF THE 5TH
Lansing Lugnuts batting - Pitching for Redwood City Redwoods : RHP Manny Maldonado
Batting: LHB Sam Barnes 0-0: Ball
1-0: Ball
2-0: Foul Ball, location: 2F
2-1: Ball
3-1: Foul Ball, location: 2F
3-2: Strikes out swinging
Batting: RHB David Murray 0-0: Called Strike
0-1: Ball
1-1: Called Strike
1-2: SINGLE (Groundball, 56D)
Pitching: RHP Willie McMillan
Batting: RHB Juan Rico 0-0: Called Strike
0-1: 2-RUN HOME RUN (Flyball, 89XD), Distance : 410 ft
Batting: RHB Arturo Rodríguez 0-0: Swinging Strike
0-1: Foul Ball, location: 2F
0-2: Ball
1-2: Ball
2-2: Fly out, F8 (Popup, 8RS)
Batting: RHB Sadao Kimura 0-0: Ground out 5-3 (Groundball, 5)
Top of the 5th over - 2 run(s), 2 hit(s), 0 error(s), 0 left on base; Lansing 8 - Redwood City 1
BOTTOM OF THE 5TH
Redwood City Redwoods batting - Pitching for Lansing Lugnuts : RHP Enrique Valdés
Batting: LHB Héctor Flores 0-0: Ball
1-0: Called Strike
1-1: Foul Ball, location: 2F
1-2: Fly out, F8 (Flyball, 8LD)
Batting: LHB Alfonso Montoya 0-0: Ball
1-0: Ball
2-0: Foul Ball, location: 2F
2-1: Swinging Strike
2-2: Strikes out looking
Batting: RHB Tom Meyer 0-0: Ball
1-0: Ground out 1-3 (Groundball, 15)
Bottom of the 5th over - 0 run(s), 0 hit(s), 0 error(s), 0 left on base; Lansing 8 - Redwood City 1
TOP OF THE 6TH
Lansing Lugnuts batting - Pitching for Redwood City Redwoods : RHP Willie McMillan
Batting: RHB Kun Liu 0-0: Ball
1-0: Called Strike
1-1: Called Strike
1-2: Ground out 1-3 (Groundball, 13)
Batting: LHB Alberto Medine 0-0: Ball
1-0: Called Strike
1-1: Swinging Strike
1-2: Ball
2-2: Fly out, F6 (Popup, 6MD)
Batting: LHB Tom Mullins 0-0: Hit by Pitch
Batting: RHB Billy Campbell 0-0: Called Strike
0-1: Foul Ball, location: 2F
0-2: Ball
1-2: Strikes out swinging
Top of the 6th over - 0 run(s), 0 hit(s), 0 error(s), 1 left on base; Lansing 8 - Redwood City 1
BOTTOM OF THE 6TH
Redwood City Redwoods batting - Pitching for Lansing Lugnuts : RHP Enrique Valdés
Batting: RHB William Parker 0-0: Swinging Strike
0-1: Ball
1-1: Ball
2-1: Ball
3-1: Base on Balls
Batting: RHB Fu Tse 0-0: Called Strike
0-1: Foul Ball, location: 2F
0-2: Strikes out swinging
Batting: RHB Chan-u O 0-0: Called Strike
0-1: Grounds into double play, 6-4-3 (Groundball, 56)
Bottom of the 6th over - 0 run(s), 0 hit(s), 0 error(s), 0 left on base; Lansing 8 - Redwood City 1
TOP OF THE 7TH
Lansing Lugnuts batting - Pitching for Redwood City Redwoods : RHP Willie McMillan
Batting: LHB Sam Barnes 0-0: Ball
1-0: Ball
2-0: Called Strike
2-1: Ball
3-1: Base on Balls
Batting: RHB David Murray 0-0: Ball
Sam Barnes is caught stealing 2nd base
1-0: Ball
2-0: Ball
3-0: Called Strike
3-1: Foul Ball, location: 2F
3-2: SINGLE (Line Drive, 4D)
Pitching: RHP Lúcio Solano
Batting: RHB Juan Rico 0-0: Swinging Strike
0-1: Called Strike
0-2: Ball
1-2: Ball
2-2: Ball
3-2: Base on Balls
David Murray to second
Batting: RHB Arturo Rodríguez 0-0: Called Strike
David Murray steals 3rd base
Juan Rico to second
0-1: Foul Ball, location: 2F
0-2: Fly out, F7 (Flyball, 78D)
Runner from 3rd tags up, SCORES, no throw
Batting: RHB Sadao Kimura 0-0: Called Strike
0-1: Foul Ball, location: 2F
0-2: Fly out, F8 (Flyball, 8LD)
Top of the 7th over - 1 run(s), 1 hit(s), 0 error(s), 1 left on base; Lansing 9 - Redwood City 1
BOTTOM OF THE 7TH
Redwood City Redwoods batting - Pitching for Lansing Lugnuts : RHP Enrique Valdés
Batting: RHB Joe Flint 0-0: Called Strike
0-1: Fly out, F8 (Flyball, 8LD)
Batting: RHB Carlos Gonzáles 0-0: Ball
1-0: SINGLE (Line Drive, 9S)
Batting: SHB António Trinidad 0-0: Ball
1-0: Called Strike
1-1: Foul Ball, location: 2F
1-2: Grounds into double play, 4-6-3 (Groundball, 4)
Bottom of the 7th over - 0 run(s), 1 hit(s), 0 error(s), 0 left on base; Lansing 9 - Redwood City 1
TOP OF THE 8TH
Lansing Lugnuts batting - Pitching for Redwood City Redwoods : RHP Lúcio Solano
Batting: RHB Kun Liu 0-0: Ball
1-0: Called Strike
1-1: Ground out 1-3 (Groundball, 13S)
Batting: LHB Alberto Medine 0-0: Ball
1-0: Swinging Strike
1-1: Foul Ball, location: 2F
1-2: Ball
2-2: Ground out 3-1 (Groundball, 34S)
Batting: LHB Tom Mullins 0-0: Ball
1-0: Ball
2-0: Foul Ball, location: 2F
2-1: Called Strike
2-2: Ball
3-2: Foul Ball, location: 2F
3-2: Base on Balls
Batting: RHB Billy Campbell Single, Error in OF, E9, batter to second base
Tom Mullins to third
Batting: LHB Sam Barnes 0-0: Fly out, F5 (Popup, 25)
Top of the 8th over - 0 run(s), 1 hit(s), 1 error(s), 2 left on base; Lansing 9 - Redwood City 1
BOTTOM OF THE 8TH
Redwood City Redwoods batting - Pitching for Lansing Lugnuts : RHP Enrique Valdés
Batting: LHB Héctor Flores 0-0: Ball
1-0: Foul Ball, location: 2F
1-1: SINGLE (Line Drive, 4MD)
Batting: LHB Alfonso Montoya 0-0: Ball
1-0: Called Strike
1-1: SINGLE (Line Drive, 6MD)
Héctor Flores to second
Runner from 2nd tries for 3rd, SAFE, throw made to third
Pitching: RHP Asher Zasko
Batting: RHB Tom Meyer 0-0: Foul Ball, location: 2F
0-1: Ball
1-1: Called Strike
1-2: Grounds into double play, 6-4-3 (Groundball, 6)
Héctor Flores scores
Batting: RHB William Parker 0-0: Called Strike
0-1: Ground out 5-3 (Groundball, 5S)
Bottom of the 8th over - 1 run(s), 2 hit(s), 0 error(s), 0 left on base; Lansing 9 - Redwood City 2
TOP OF THE 9TH
Lansing Lugnuts batting - Pitching for Redwood City Redwoods : RHP Lúcio Solano
Batting: RHB David Murray 0-0: Ball
1-0: Foul Ball, location: 2F
1-1: Foul Ball, location: 2F
1-2: Ground out 5-3 (Groundball, 5S)
Batting: RHB Juan Rico 0-0: Foul Ball, location: 2F
0-1: Foul Ball, location: 2F
0-2: Strikes out swinging
Batting: RHB Arturo Rodríguez 0-0: Called Strike
0-1: Ball
1-1: Hit by Pitch
Batting: RHB Sadao Kimura 0-0: Called Strike
0-1: Ball
1-1: Fielders Choice at 2nd, 5-4 (Groundball, 5)
Top of the 9th over - 0 run(s), 0 hit(s), 0 error(s), 0 left on base; Lansing 9 - Redwood City 2
BOTTOM OF THE 9TH
Redwood City Redwoods batting - Pitching for Lansing Lugnuts : RHP Asher Zasko
Batting: RHB Fu Tse 0-0: Ball
1-0: Ground out 1-3 (Groundball, 15)
Batting: RHB Chan-u O 0-0: Ball
1-0: Called Strike
1-1: Fly out, F5 (Line Drive, 56)
Batting: RHB Joe Flint 0-0: Ball
1-0: Called Strike
1-1: Foul Ball, location: 2F
1-2: Strikes out looking
Bottom of the 9th over - 0 run(s), 0 hit(s), 0 error(s), 0 left on base; Lansing 9 - Redwood City 2
Monday, December 5th, 2016 - OOTP Baseball 17.12 Build 75